 Dungeon Crawl Stone Soup version 0.28-a0-622-gbaef9634d7 (webtiles) character file.

Game seed: 9504571726765949919

907 Ijustatesigmund the Shield-Bearer (level 8, -4/67 HPs)
             Began as a Gnoll Fighter on Oct 7, 2021.
             Slain by an ogre (20 damage)
             ... on level 6 of the Dungeon.
             The game lasted 00:07:17 (5008 turns).

Ijustatesigmund the Shield-Bearer (Gnoll Fighter)   Turns: 5008, Time: 00:07:18

Health: -4/67      AC: 10    Str: 17    XL:     8   Next: 8%
Magic:  12/12      EV:  8    Int:  7    God:
Gold:   127        SH:  6    Dex: 13    Spells: 12/12 levels left

rFire   . . .      SeeInvis .   a - +1 war axe
rCold   . . .      Faith    .   c - +0 buckler
rNeg    . . .      Spirit   .   b - +0 chain mail
rPois   .          Reflect  .   (no helmet)
rElec   .          Harm     .   j - scarf {repulsion}
rCorr   .          Rampage  .   (no gloves)
Will    .....                   (no boots)
Stlth   ..........              (no amulet)
HPRegen 0.21/turn               (no ring)
MPRegen 0.13/turn               (no ring)

@: mighty, repel missiles
A: fangs 1, strong nose, distributed training
a: no special abilities


You were on level 6 of the Dungeon.
You visited 1 branch of the dungeon, and saw 6 of its levels.

You collected 127 gold pieces.

Inventory:

Hand Weapons
 a - a +1 war axe (weapon)
Missiles
 g - a throwing net (quivered)
 n - 3 boomerangs of dispersal
Armour
 b - a +0 chain mail (worn)
 c - a +0 buckler (worn)
 j - a scarf of repulsion (worn)
Jewellery
 p - a ring of resist corrosion
Scrolls
 i - a scroll of silence {unknown}
Potions
 d - a potion of might
 e - a potion of flight
 h - a potion of magic {unknown}
 l - a potion of cancellation {unknown}
 o - a potion of curing {unknown}


   Skills:
 + Level 7.2 Fighting
 + Level 2.9 Short Blades
 + Level 2.9 Long Blades
 + Level 5.5 Axes
 + Level 2.9 Maces & Flails
 + Level 2.9 Polearms
 + Level 2.9 Staves
 + Level 2.9 Slings
 + Level 2.9 Bows
 + Level 2.9 Crossbows
 + Level 2.9 Throwing
 + Level 7.2 Armour
 + Level 2.9 Dodging
 + Level 2.9 Stealth
 + Level 7.2 Shields
 + Level 2.9 Unarmed Combat
 + Level 2.9 Spellcasting
 + Level 2.3 Conjurations
 + Level 2.3 Hexes
 + Level 2.3 Summonings
 + Level 2.3 Necromancy
 + Level 2.3 Translocations
 + Level 2.3 Transmutations
 + Level 2.3 Fire Magic
 + Level 2.3 Ice Magic
 + Level 2.3 Air Magic
 + Level 2.3 Earth Magic
 + Level 2.3 Poison Magic
 + Level 3.2 Invocations
 + Level 2.9 Evocations


You had 12 spell levels left.
You didn't know any spells.
Your spell library contained the following spells:

 Spells                   Type           Power      Damage    Failure   Level
 Animate Skeleton         Necr           8%         N/A       83%         1
 Pain                     Necr           16%        1d4       83%         1
 Ensorcelled Hibernation  Hex/Ice        8%         N/A       92%         2
 Tukima's Dance           Hex            4%         N/A       99%         3
 Vampiric Draining        Necr           2%         2d6       99%         3


Dungeon Overview and Level Annotations

Branches:
Dungeon (6/15)
 Temple: D:4-7

Altars:


Innate Abilities, Weirdness & Mutations

You have very sharp teeth.
Your uncanny sense of smell can sniff out nearby items.
Your experience applies equally to all skills.


Message History

You see here a black bear corpse.
Found a stone staircase leading up.
Found a stone staircase leading up.
There is a stone staircase leading up here.
You hear the hiss of an avalanche of sand nearby.
An ogre comes into view. It is wielding a +0 giant club.
The ogre shouts!
The ogre hits you with a +0 giant club!!
You hit the ogre. You bite the ogre, but do no damage.
The ogre is lightly wounded.
The ogre barely misses you.
You hit the ogre.
The ogre is lightly wounded.
The ogre hits you but does no damage.
You barely miss the ogre.
The ogre is lightly wounded.
A sky beast comes into view.
The ogre hits you with a +0 giant club!!
You are too injured to fight recklessly!
You are too injured to fight recklessly!
You are too injured to fight recklessly!
You are too injured to fight recklessly!
You are too injured to fight recklessly!
You slash the ogre!
The ogre is heavily wounded.
The sky beast flickers out of sight!
Deactivating autopickup; reactivate with Ctrl-A.
The ogre hits you with a +0 giant club!
* * * LOW HITPOINT WARNING * * *
You hit the ogre. Your bite misses the ogre.
The ogre is severely wounded.
The ogre closely misses you.
You completely miss the ogre.
The ogre is severely wounded.
The ogre barely misses you.
You feel very mighty all of a sudden.
You closely miss the ogre.
The ogre is severely wounded.
The ogre hits you with a +0 giant club!!
You die...

#. #.## .. #... #.
##..# #. ...## #. ∆
... ∆ #. #O# #.
#.###@###############.
#.....................
#######.#############.
#.# ## #. #.....#
######.
..###...##...##. .###
#..#...... .##
#.#..<### .. ∆
∆#....####


You could see an ogre.

Vanquished Creatures
  Grinder (D:5)
  A black bear (D:6)
  An ogre (D:4)
  A kobold brigand (D:4)
  A scorpion (D:5)
  A howler monkey (D:5)
  A hound (D:5)
  A bullfrog skeleton (D:5)
  An iguana (D:5)
  An orc wizard (D:5)
  2 hound skeletons (D:4)
  Robin (D:3)
  5 gnolls
  A howler monkey skeleton (D:4)
  7 adders
  A white imp (D:5)
  A worm (D:3)
  3 dart slugs
  6 orcs
  9 ball pythons
  12 endoplasms
  3 giant cockroaches
  10 hobgoblins
  6 jackals
  5 kobolds
  7 quokkas
  4 bats
  6 frilled lizards
  13 goblins
  6 rats
118 creatures vanquished.

Notes
Turn   | Place    | Note
-------+----------+-------------------------------------------
     0 | D:1      | Ijustatesigmund the Gnoll Fighter began the quest for the
                  | Orb.
     0 | D:1      | Reached XP level 1. HP: 23/23 MP: 1/1
   216 | D:1      | Reached XP level 2. HP: 29/29 MP: 2/2
   258 | D:1      | Reached XP level 3. HP: 27/35 MP: 3/3
   768 | D:1      | Reached skill level 1 in Invocations
  1163 | D:2      | Reached skill level 1 in Short Blades
  1163 | D:2      | Reached skill level 1 in Long Blades
  1163 | D:2      | Reached skill level 1 in Maces & Flails
  1163 | D:2      | Reached skill level 1 in Polearms
  1163 | D:2      | Reached skill level 1 in Staves
  1163 | D:2      | Reached skill level 1 in Slings
  1163 | D:2      | Reached skill level 1 in Bows
  1163 | D:2      | Reached skill level 1 in Crossbows
  1163 | D:2      | Reached skill level 1 in Throwing
  1163 | D:2      | Reached skill level 1 in Dodging
  1163 | D:2      | Reached skill level 1 in Stealth
  1163 | D:2      | Reached skill level 1 in Unarmed Combat
  1163 | D:2      | Reached skill level 1 in Spellcasting
  1163 | D:2      | Reached skill level 1 in Evocations
  1172 | D:2      | Reached XP level 4. HP: 16/41 MP: 5/5
  1648 | D:2      | Found a faded altar of an unknown god.
  2263 | D:3      | Reached skill level 1 in Conjurations
  2263 | D:3      | Reached skill level 1 in Hexes
  2263 | D:3      | Reached skill level 1 in Summonings
  2263 | D:3      | Reached skill level 1 in Necromancy
  2263 | D:3      | Reached skill level 1 in Translocations
  2263 | D:3      | Reached skill level 1 in Transmutations
  2263 | D:3      | Reached skill level 1 in Fire Magic
  2263 | D:3      | Reached skill level 1 in Ice Magic
  2263 | D:3      | Reached skill level 1 in Air Magic
  2263 | D:3      | Reached skill level 1 in Earth Magic
  2263 | D:3      | Reached skill level 1 in Poison Magic
  2643 | D:3      | Reached XP level 5. HP: 41/47 MP: 6/6
  3065 | D:3      | Noticed Robin
  3074 | D:3      | Killed Robin
  3473 | D:4      | Noticed an ogre
  3477 | D:4      | Noticed a kobold brigand
  3482 | D:4      | Killed an ogre
  3483 | D:4      | Reached XP level 6. HP: 19/53 MP: 8/8
  3766 | D:4      | Reached skill level 5 in Axes
  4226 | D:5      | Entered Level 5 of the Dungeon
  4388 | D:5      | Reached XP level 7. HP: 57/59 MP: 10/10
  4721 | D:5      | Noticed Grinder
  4743 | D:5      | Paralysed by Grinder for 7 turns
  4755 | D:5      | Killed Grinder
  4800 | D:6      | Reached XP level 8. HP: 36/67 MP: 12/12
  5008 | D:6      | Slain by an ogre

Illustrated notes

Levels and vault maps discovered:
D:1:      mrwooster_arrival_statue_2, layout_basic
D:2:      layout_basic, chequers_ecumenical_altar_simple, grunt_ministairs_13
D:3:      layout_basic, uniq_robin
D:4:      layout_rooms
D:5:      layout_rooms, nicolae_overflow_crystal_walls, uniq_grinder
D:6:      cheibrodos_iron_armory, layout_loops_ring, nicolae_ru_path_of_blood,
          lemuel_blue_sif_altar, minmay_temple_entry_wispy,
          chequers_ossuary_entry_cave, kennysheep_cross_bottleneck,
          uniq_prince_ribbit1

Skill      XL: |  1  2  3  4  5  6  7 |
---------------+----------------------+-----
Invocations    | 1 2 3 |  3.2
Short Blades   | 1 2 |  2.9
Long Blades    | 1 2 |  2.9
Maces & Flails | 1 2 |  2.9
Polearms       | 1 2 |  2.9
Staves         | 1 2 |  2.9
Slings         | 1 2 |  2.9
Bows           | 1 2 |  2.9
Crossbows      | 1 2 |  2.9
Throwing       | 1 2 |  2.9
Dodging        | 1 2 |  2.9
Stealth        | 1 2 |  2.9
Unarmed Combat | 1 2 |  2.9
Spellcasting   | 1 2 |  2.9
Evocations     | 1 2 |  2.9
Conjurations   | 1 2 |  2.3
Hexes          | 1 2 |  2.3
Summonings     | 1 2 |  2.3
Necromancy     | 1 2 |  2.3
Translocations | 1 2 |  2.3
Transmutations | 1 2 |  2.3
Fire Magic     | 1 2 |  2.3
Ice Magic      | 1 2 |  2.3
Air Magic      | 1 2 |  2.3
Earth Magic    | 1 2 |  2.3
Poison Magic   | 1 2 |  2.3
Axes           | 5 |  5.5
Fighting       | 7 |  7.2
Armour         | 7 |  7.2
Shields        | 7 |  7.2

Action                   |  1- 3 |  4- 6 |  7- 9 || total
-------------------------+-------+-------+-------++-------
Melee: War axe           |    77 |   207 |    58 ||   342
       Bite              |     7 |    18 |    11 ||    36
Evoke: Wand              |       |     1 |    11 ||    12
  Use: Scroll            |     3 |     5 |     1 ||     9
       Potion            |       |     2 |     3 ||     5
Armor: Scale mail        |    32 |    53 |       ||    85
       Skin              |       |    17 |       ||    17
       Chain mail        |       |    20 |    37 ||    57
Dodge: Dodged            |    30 |    96 |    21 ||   147
       Repelled          |       |     1 |       ||     1
Block: Buckler           |    18 |    57 |    11 ||    86

Table legend: (Time is in decaauts)
 A = Elapsed time spent in this place.
 B = Non-inter-level travel time spent in this place.
 C = Inter-level travel time spent in this place.
 D = Time resting spent in this place.
 E = Time spent auto-exploring this place.
 F = Levels seen in this place.
 G = Mean time per level.
                   A        B        C        D        E       F      G
               +--------+--------+--------+--------+--------+-----+--------+
         Total |   5098 |   5019 |     79 |   1140 |   3032 |   6 |  849.7 |
       Dungeon |   5098 |   5019 |     79 |   1140 |   3032 |   6 |  849.7 |
               +--------+--------+--------+--------+--------+-----+--------+

Top non-repeatable levels by time:
     D:3: 1465 daAuts
     D:1: 1311 daAuts
     D:2: 945 daAuts
     D:4: 756 daAuts
     D:5: 389 daAuts
     D:6: 230 daAuts
